 Dungeon Crawl Stone Soup version 0.17-a0-2014-g32cd421 (webtiles) character file.

349 graki42 the Sneak (level 6, 0/43 HPs)
             Began as an Octopode Monk on Oct 9, 2015.
             Slain by a sky beast (4 damage)
             ... on level 5 of the Dungeon.
             The game lasted 00:10:02 (3558 turns).

graki42 the Sneak (Octopode Monk)                   Turns: 3558, Time: 00:10:02

Health: 0/43       AC:  4    Str: 10    XL:     6   Next: 60%
Magic:  6/6        EV: 14    Int: 13    God:
Gold:   213        SH:  0    Dex: 16    Spells: 0 memorised, 5 levels left

rFire  . . .     SeeInvis .       - Unarmed
rCold  . . .     Clarity  .     (no shield)
rNeg   . . .     SustAt   .     (helmet restricted)
rPois  .         Gourm    .     b - amulet of resist mutation
rElec  .         Spirit   .     m - +3 ring of protection
rCorr  .         Warding  .     w - ring of wizardry
rMut   +         Stasis   .     (no ring)
MR     .....                    (no ring)
Stlth  +++++.....               (no ring)
                                (no ring)
                                (no ring)
                                (no ring)

@: very slightly contaminated, invisible, not resistant to hostile enchantments,
quite stealthy
A: almost no armour, amphibious, 8 rings, constrict 8, camouflage 1, gelatinous
body 1
a: no special abilities


You were on level 5 of the Dungeon.
You were hungry.

You visited 2 branches of the dungeon, and saw 6 of its levels.

You collected 213 gold pieces.

Inventory:

Jewellery
 b - an amulet of resist mutation (around mantle)
 m - a +3 ring of protection (left tentacle)
 w - a ring of wizardry (right tentacle)
Wands
 k - a wand of magic darts (22)
Scrolls
 c - a scroll of random uselessness {unknown}
 d - 2 scrolls of teleportation {unknown}
 e - a scroll of enchant weapon {unknown}
 g - 4 scrolls of blinking {unknown}
 h - 3 scrolls of remove curse {unknown}
 i - a scroll of identify {unknown}
 p - a scroll of amnesia {unknown}
 s - a scroll of noise {unknown}
 v - a scroll of enchant armour {unknown}
 y - a scroll of magic mapping {unknown}
Potions
 f - a potion of flight {unknown}
 n - a potion of lignification {unknown}
 o - a potion of haste {unknown}
 q - a potion of might {unknown}
 r - a potion of brilliance {unknown}
 u - a potion of heal wounds {unknown}
 A - a potion of ambrosia {unknown}
Comestibles
 a - 5 bread rations
 l - a meat ration
 t - a slice of pizza
 x - 2 chunks of flesh
 z - a beef jerky


   Skills:
 + Level 3.8 Fighting
 + Level 4.3 Dodging
 * Level 6.0 Stealth
 + Level 5.2 Unarmed Combat


You had 5 spell levels left.
You didn't know any spells.

Dungeon Overview and Level Annotations

Branches:
Dungeon (5/15)             Temple (1/1) D:5

Altars:
Elyvilon
Fedhas
Gozag
Nemelex Xobeh
Ru
Sif Muna
Vehumet
Xom
Yredelemnul
Lugonu


Innate Abilities, Weirdness & Mutations

You cannot wear most types of armour.
You are amphibious.
You can wear up to eight rings at the same time.
You can use your tentacles to constrict eight enemies at once.
Your skin changes colour to match your surroundings (Stealth).
Your rubbery body absorbs attacks (AC +1).


Message History

You tentacle-slap the sky beast. You squeeze the sky beast.
The sky beast is heavily wounded.
The sky beast hits you. The sky beast shocks you.
* * * LOW HITPOINT WARNING * * *
You tentacle-slap the sky beast.
The sky beast is heavily wounded.
The sky beast hits you.
* * * LOW HITPOINT WARNING * * *
The sky beast shocks you.
* * * LOW HITPOINT WARNING * * *
Drink which item? (? for menu, Esc to quit)
You fade into invisibility!
The sky beast misses you.
You are very lightly contaminated with residual magic.
You are feeling hungry.
Found an escape hatch in the ceiling.
You closely miss the sky beast.
The sky beast is heavily wounded.
The sky beast hits you.
You die...

.# #>#.....# .#
#.#.....# ##
#.#####...
####.#####...ยง
.........#....
.###.###.# ##
#.# #.# #.# #.#
########.# #.#
#.# #.@Y<.....
#.# #.#
#.######.. #.#
#.# #.# #.
#.######.#.#
#..........#
########.###
.... #.### #..


You could see a sky beast.

Vanquished Creatures
  An ogre (D:4)
  A crimson imp (D:5)
  An orc wizard (D:3)
  Natasha (D:4)
  6 adders
  A shadow imp (D:5)
  2 oozes
  An adder skeleton (D:5)
  4 worms
  7 orcs
  5 bats
  4 giant cockroaches
  5 goblins
  9 hobgoblins
  12 jackals
  A quokka (D:2)
  3 ball pythons
  2 giant geckos (D:2)
  5 giant newts
  12 kobolds
  A quokka skeleton (D:5)
  7 rats
91 creatures vanquished.

Notes
Turn   | Place    | Note
--------------------------------------------------------------
     0 | D:1      | graki42 the Octopode Monk began the quest for the Orb.
     0 | D:1      | Reached XP level 1. HP: 16/16 MP: 1/1
   151 | D:1      | Reached XP level 2. HP: 18/21 MP: 2/2
   600 | D:2      | Reached XP level 3. HP: 19/26 MP: 3/3
  1300 | D:2      | Found a deep blue altar of Sif Muna.
  1313 | D:2      | Found a shimmering altar of Xom.
  1322 | D:2      | Reached XP level 4. HP: 22/31 MP: 4/4
  1866 | D:2      | Reached skill level 5 in Stealth
  2106 | D:2      | Reached XP level 5. HP: 22/36 MP: 5/5
  2850 | D:4      | Noticed an ogre
  2888 | D:4      | Killed an ogre
  2888 | D:4      | Reached skill level 5 in Unarmed Combat
  2888 | D:4      | Reached XP level 6. HP: 15/43 MP: 6/6
  3111 | D:4      | Noticed Natasha
  3122 | D:4      | Killed Natasha
  3135 | D:5      | Entered Level 5 of the Dungeon
  3288 | D:5      | Found a staircase to the Ecumenical Temple.
  3336 | D:5      | Reached skill level 6 in Stealth
  3382 | Temple   | Entered the Ecumenical Temple
  3558 | D:5      | Slain by a sky beast

Vault maps used:
D:1:      dpeg_arrival_three_smaller_balls, minmay_box_of_dots
D:2:      xom_teletrap_fun, nicolae_overflow_hidden_temple, minmay_quantized
D:3:      first_bread
D:4:      minmay_door_path, uniq_natasha, uniq_edmund, uniq_menkaure
D:5:      nicolae_qazlal_style_of_elements, zin_scriptorium,
          minmay_temple_entry_large_hall, serial_shops, shop
Temple:   corrupted_temple

Action                   |  1- 3 |  4- 6 || total
-------------------------+-------+-------++-------
Melee: Unarmed           |    71 |   154 ||   225
  Use: Potion            |       |     2 ||     2
 Stab: Sleeping          |    10 |     9 ||    19
       Distracted        |     1 |       ||     1
  Eat: Chunk             |     1 |     7 ||     8
